 Dungeon Crawl Stone Soup version 0.30-a0-154-gb106f4c828 (webtiles) character file.

Game seed: 1313173792657186469

436 BlueGoblin the Trooper (level 6, -6/49 HPs)
             Began as a Demonspawn Fighter on Sept 27, 2022.
             Mangled by an ice beast (10 damage)
             ... on level 4 of the Dungeon.
             The game lasted 00:05:04 (3323 turns).

BlueGoblin the Trooper (Demonspawn Fighter)         Turns: 3323, Time: 00:05:05

Health: -6/49      AC: 12    Str: 18    XL:     6   Next: 69%
Magic:  6/6        EV:  8    Int:  9    God:
Gold:   133        SH:  9    Dex: 13    Spells: 5/5 levels left

rFire   . . .      SeeInvis .    a - +0 war axe
rCold   . . .      Faith    .    f - +0 kite shield
rNeg    . . .      Spirit   .    b - +2 scale mail
rPois   .          Reflect  .    p - +2 helmet
rElec   .          Harm     .    (no cloak)
rCorr   .          Rampage  .    (no gloves)
Will    .....                    (no boots)
Stlth   ..........               (no amulet)
HPRegen 0.16/turn                (no ring)
MPRegen 0.10/turn                (no ring)

@: no status effects
A: claws 1, powered by pain 1
a: no special abilities


You were on level 4 of the Dungeon.
You visited 1 branch of the dungeon, and saw 4 of its levels.

You collected 133 gold pieces.

Inventory:

Hand Weapons
 a - a +0 war axe (weapon)
 d - a +2 scythe of freezing
Armour
 b - a +2 scale mail (worn)
 c - a +0 buckler
 f - a +0 kite shield (worn)
 o - an orb of guile
 p - a +2 helmet (worn)
Jewellery
 e - a ring of fire
Potions
 g - a potion of heal wounds {unknown}
 i - 2 potions of mutation {unknown}
 j - a potion of berserk rage {unknown}
 k - 3 potions of flight
 l - a potion of magic {unknown}
 m - 2 potions of curing {unknown}
 n - a potion of ambrosia {unknown}


   Skills:
 + Level 4.5 Fighting
 - Level 1.8 Axes
 + Level 4.3 Armour
 + Level 2.5 Dodging
 + Level 4.2 Shields


You had 5 spell levels left.
You didn't know any spells.
Your spell library contained the following spells:

 Spells                   Type           Power      Damage    Failure   Level
 Slow                     Hex            0%         N/A       98%         1
 Confusing Touch          Hex            0%         N/A       100%        3
 Dazzling Flash           Conj/Hex       0%         N/A       100%        3
 Vampiric Draining        Necr           0%         2d6       100%        3
 Iskenderun's Mystic Bla  Conj/Tloc      0%         2d3       100%        4
 Starburst                Conj/Fire      0%         6d3       100%        6


Dungeon Overview and Level Annotations

Branches:
Dungeon (4/15)
 Temple: D:4-7

Altars:
Trog


Innate Abilities, Weirdness & Mutations

You have sharp fingernails.
You sometimes gain a little power by taking damage.


Message History

You hit the ice beast but do no damage.
The ice beast hits you but does no damage. x2
You closely miss the ice beast. You block the ice beast's attack.
You closely miss the ice beast. The ice beast barely misses you. x2
You closely miss the ice beast. The ice beast hits you.
The ice beast freezes you! The ice beast hits you. The ice beast freezes you.
You barely miss the ice beast. The ice beast closely misses you.
You closely miss the ice beast.
The ice beast hits you but does no damage. x2
You hit the ice beast but do no damage. You block the ice beast's attack.
You slash the ice beast!
The ice beast is moderately wounded.
The ice beast hits you but does no damage.
The ice beast barely misses you.
You slash the ice beast!
The ice beast is almost dead.
The ice beast hits you but does no damage.
You hit the ice beast but do no damage.
The ice beast is almost dead.
The ice beast hits you. The ice beast freezes you!
The ice beast hits you but does no damage.
You are too injured to fight recklessly!
You are too injured to fight recklessly!
You barely miss the ice beast.
The ice beast is almost dead.
The ice beast barely misses you.
You closely miss the ice beast.
The ice beast is almost dead.
You block the ice beast's attack. x2
You closely miss the ice beast.
The ice beast is almost dead.
The ice beast hits you. The ice beast freezes you!
* * * LOW HITPOINT WARNING * * *
The ice beast closely misses you.
You barely miss the ice beast.
The ice beast is almost dead.
The ice beast hits you.
* * * LOW HITPOINT WARNING * * *
The ice beast freezes you!
You die...

........ .. .......##
#.# ###. ...>....# #.#
#... ........####.###.#
.........##..#...#
.....†...........####
........##....Y.....####
........#......##Y.....#
#............#.#@.######
##.......##..#.#.##
####...<#...)...# #..
##.......)#### ..
#...#...... #
#...#.#..### #.......Y##
#......).. ##..#.....


You could see an ice beast.

Vanquished Creatures
  Sigmund (D:3)
  An ogre (D:4)
  Jessica (D:3)
  An orc wizard (D:3)
  Robin (D:3)
  3 adders
  A worm (D:2)
  3 dart slugs
  2 orcs (D:3)
  11 ball pythons
  5 endoplasms
  2 giant cockroaches
  8 goblins
  8 hobgoblins
  4 jackals (D:1)
  9 kobolds
  6 quokkas
  6 bats
  6 frilled lizards
  2 rats
81 creatures vanquished.

Notes
Turn   | Place    | Note
-------+----------+-------------------------------------------
     0 | D:1      | BlueGoblin the Demonspawn Fighter began the quest for the
                  | Orb.
     0 | D:1      | Reached XP level 1. HP: 18/18 MP: 1/1
   291 | D:1      | Gained mutation: You sometimes gain a little power by
                  | taking damage. [demonic ancestry]
   291 | D:1      | Reached XP level 2. HP: 24/24 MP: 2/2
   490 | D:1      | Reached XP level 3. HP: 23/29 MP: 3/3
  1460 | D:2      | Found a faded altar of an unknown god.
  1693 | D:3      | Reached XP level 4. HP: 34/37 MP: 4/4
  1725 | D:3      | Reached skill level 1 in Dodging
  1751 | D:3      | Noticed Jessica
  1755 | D:3      | Killed Jessica
  1988 | D:3      | Noticed Robin
  2006 | D:3      | Killed Robin
  2007 | D:3      | Gained mutation: You have sharp fingernails. [demonic
                  | ancestry]
  2007 | D:3      | Reached XP level 5. HP: 37/42 MP: 5/5
  2474 | D:3      | Found a bloodstained altar of Trog.
  2687 | D:3      | Noticed Sigmund
  2701 | D:3      | Killed Sigmund
  2702 | D:3      | Reached XP level 6. HP: 18/49 MP: 6/6
  3050 | D:4      | Noticed an ice beast
  3323 | D:4      | Mangled by an ice beast

Illustrated notes

Levels and vault maps discovered:
D:1:      saegor_arrival_simple_d, layout_rooms, nicolae_wormholes
D:2:      layout_rooms, basic_ecumenical_altar, st_stairs_10,
          chequers_serial_rivers_small_3
D:3:      layout_basic, bloody_trog, serial_glass, glass_columns_a,
          glass_columns_a, minivault_23, uniq_sigmund, uniq_jessica, uniq_robin
D:4:      layout_rooms, gammafunk_ghost_abyssal_escape

Skill      XL: |  1  2  3  4  5 |
---------------+----------------+-----
Armour         | 3 4 |  4.3
Shields        | 3 4 |  4.2
Dodging        | 1 2 |  2.5
Fighting       | 4 |  4.5
Axes           | |  1.8

Action                   |  1- 3 |  4- 6 || total
-------------------------+-------+-------++-------
Melee: War axe           |   135 |   129 ||   264
  Use: Scroll            |     4 |     1 ||     5
       Potion            |       |     1 ||     1
Armor: Scale mail        |    69 |    63 ||   132
Dodge: Dodged            |    60 |    59 ||   119
Block: Buckler           |     8 |       ||     8
       Kite shield       |    56 |    63 ||   119

Table legend: (Time is in decaauts)
 A = Elapsed time spent in this place.
 B = Non-inter-level travel time spent in this place.
 C = Inter-level travel time spent in this place.
 D = Time resting spent in this place.
 E = Time spent auto-exploring this place.
 F = Levels seen in this place.
 G = Mean time per level.
                   A        B        C        D        E       F      G
               +--------+--------+--------+--------+--------+-----+--------+
         Total |   3475 |   3238 |    237 |    174 |   2365 |   4 |  868.8 |
       Dungeon |   3475 |   3238 |    237 |    174 |   2365 |   4 |  868.8 |
               +--------+--------+--------+--------+--------+-----+--------+

Top non-repeatable levels by time:
     D:3: 1496 daAuts
     D:2: 890 daAuts
     D:1: 854 daAuts
     D:4: 233 daAuts
